[Event "*** Titled Tuesday Blitz"]
[Site "Chess.com"]
[Date "2021.03.09"]
[Round "8"]
[White "kleopl"]
[Black "KetiGrant"]
[Result "0-1"]
[WhiteElo "2458"]
[BlackElo "2357"]
[TimeControl "180+1"]
[EndTime "11:30:53 PST"]
[Termination "KetiGrant won by checkmate"]

1. c4 e5 2. Nc3 g6 3. g3 Bg7 4. Bg2 f5 5. e3 Nc6 6. Nge2 d6 7. d3 Nge7 8. O-O O-O 9. Rb1 a5 10. a3 g5 11. f4 Ng6 12. Kh1 g4 13. Nd5 h5 14. b4 axb4 15. axb4 h4 16. Bb2 h3 17.
Bxh3 gxh3 18. Ng1 Nce7 19. Nxe7+ Qxe7 20. Nxh3 b6 21. Qh5 Rf6 22. Ng5 Ra2 23. Kg1 Bb7 24.
Rfe1 Nf8 25. h4 Rh6 26. Qd1 exf4 27. exf4 Qd7 28. Qb3 Rxb2 29. Rxb2 d5 30. Rbe2 dxc4 31. Qxc4+ Bd5 32. Qc2 Bd4+ 33. Kh2 Qd6 34. Re8 Rxh4+ 35. Nh3 Rxh3+ 36. Kxh3 Qh6# 0-1

[Event "*** Titled Tuesday Blitz"]
[Site "Chess.com"]
[Date "2021.03.09"]
[Round "8"]
[White "pastouche06"]
[Black "Chesspirate_Channel"]
[Result "1-0"]
[WhiteElo "2556"]
[BlackElo "2401"]
[TimeControl "180+1"]
[EndTime "11:30:54 PST"]
[Termination "pastouche06 won on time"]

1. d4 d5 2. c4 e5 3. dxe5 d4 4. Nf3 Nc6 5. a3 Bg4 6. Nbd2 Qd7 7. b4 f6 8. exf6 gxf6 9. g3 O-O-O 10. Bg2 Bh3 11.
O-O h5 12. Qa4 Kb8 13. Nh4 Bxg2 14. Kxg2 Nh6 15. Ndf3 Nf5 16. Bf4 Nxh4+ 17. Nxh4 Rg8 18. Qc2 Qg4 19. Kh1 d3 20. exd3 Qh3 21. Be3 Rg4 22. Qe2 Bd6 23. Nf3 h4 24. Ng1 hxg3 25. Nxh3 g2+ 26.
Kg1 Rdg8 27. Rfe1 Rh4 28. Qf3 Ne5 29. Qd5 Rg6 30. Nf4 Rxh2 31. Kxh2 Ng4+ 32. Kg1 1-0

[Event "*** Titled Tuesday Blitz"]
[Site "Chess.com"]
[Date "2021.03.09"]
[Round "8"]
[White "nrvisakh"]
[Black "LionChessClub"]
[Result "1-0"]
[WhiteElo "2773"]
[BlackElo "2612"]
[TimeControl "180+1"]
[EndTime "11:30:55 PST"]
[Termination "nrvisakh won by resignation"]

1. e4 c5 2. Nf3 g6 3. h4 h5 4. Bc4 Nc6 5. d3 d6 6. a4 Bg7 7. Nc3 Bg4 8. Nd5 Nf6 9. Ne3 Bxf3 10. Qxf3 a6 11. Qg3 e6 12. O-O O-O 13. c3 Ne5 14. a5 Qe7 15. Rd1 Nxc4 16. Nxc4 d5 17. Nb6 Rad8 18. Bg5 dxe4 19. dxe4 Rxd1+ 20. Rxd1 Rd8 21.
Rxd8+ Qxd8 22. Qf3 c4 23. e5 Qd3 24. Qxd3 cxd3 25. exf6 Bxf6 26. Nc4 Bxg5 27. hxg5 e5 28. f3 f6 29. Kf2 Kf7 30. Ke3 fxg5 31. Nxe5+ Ke6 32. Nxd3 1-0

[Event "*** Titled Tuesday Blitz"]
[Site "Chess.com"]
[Date "2021.03.09"]
[Round "8"]
[White "SimplyDevina"]
[Black "Tactictic"]
[Result "0-1"]
[WhiteElo "2205"]
[BlackElo "2426"]
[TimeControl "180+1"]
[EndTime "11:30:55 PST"]
[Termination "Tactictic won by resignation"]

1. d4 Nf6 2. c4 e6 3. Nc3 d5 4. cxd5 exd5 5. Bg5 Be7 6. e3 c6 7. Bd3 h6 8. Bh4 Nbd7 9. Qc2 Nh5 10. Bg3 Nxg3 11.
hxg3 Nf6 12. Nf3 Be6 13. Bf5 Qd7 14. Bxe6 Qxe6 15. Ne5 Bd6 16. Nd3 O-O 17. O-O Ng4 18. Nf4 Qf6 19. Qe2 Bxf4 20. Qxg4 Bd6 21. Rab1 Rfe8 22.
b4 a6 23. a4 Qe6 24. Qxe6 Rxe6 25. b5 axb5 26. axb5 Ra3 27. Rfc1 Re8 28. bxc6 bxc6 29. Rb6 Bxg3 30. fxg3 Rxe3 31. Rxc6 Rxg3 32. Nxd5 Rad3 33. R6c4 Rd2 34. R1c2 Rgxg2+ 35. Kf1 Rxc2 36. Rxc2 Rxc2 37. Ne3 Rd2 38. d5 Rd3 39. Ke2 Rxe3+ 40. Kxe3 Kf8 0-1

[Event "*** Titled Tuesday Blitz"]
[Site "Chess.com"]
[Date "2021.03.09"]
[Round "8"]
[White "NovikovaGalina"]
[Black "mr65"]
[Result "0-1"]
[WhiteElo "2392"]
[BlackElo "2116"]
[TimeControl "180+1"]
[EndTime "11:30:55 PST"]
[Termination "mr65 won by checkmate"]

1. e4 e5 2. Nf3 Nc6 3. d4 exd4 4.
Nxd4 Bb4+ 5. c3 Bc5 6. Be3 Bb6 7. Bc4 Nge7 8. O-O O-O 9. Nd2 Nxd4 10. cxd4 d5 11.
Bd3 dxe4 12. Nxe4 h6 13. Bxh6 Qxd4 14. Be3 Qe5 15. Bxb6 axb6 16. Re1 Ng6 17. Nc3 Qg5 18. Re3 Bf5 19. Rg3 Qf6 20. Qh5 Bxd3 21. Rxd3 Qh4 22.
Qxh4 Nxh4 23. Rd7 c6 24. Rxb7 b5 25. Rc7 b4 26. Ne4 Rfe8 27. Nd6 Rxa2 28. Rc1 Re2 29.
Nc4 Rc2 30. Rd1 Rxc4 31. g3 Nf3+ 32. Kg2 Ng5 33. Rd8+ Kh7 34. Rcc8 Rxb2 35. h4 Ne4 36. h5 Rxf2+ 37. Kh3 Ng5# 0-1

[Event "*** Titled Tuesday Blitz"]
[Site "Chess.com"]
[Date "2021.03.09"]
[Round "8"]
[White "jefferyx"]
[Black "Zhuu96"]
[Result "0-1"]
[WhiteElo "3005"]
[BlackElo "2909"]
[TimeControl "180+1"]
[EndTime "11:30:59 PST"]
[Termination "Zhuu96 won by resignation"]

1. d4 Nf6 2. Nf3 e6 3. Bf4 d5 4. e3 Bd6 5. Nbd2 b6 6. c3 O-O 7. Bd3 Ba6 8. Bxa6 Nxa6 9. Qe2 Nb8 10. h4 c5 11. h5 h6 12. Bxd6 Qxd6 13. Ne5 Nc6 14. f4 cxd4 15. exd4 Nd7 16. Rh3 f6 17. Ng6 Rfe8 18. O-O-O Rac8 19. Kb1 b5 20. Qxb5 Rb8 21.
Qa4 Nb6 22. Qa6 Qd7 23. Re1 Nd8 24. Rhe3 Nf7 25. Qe2 Na4 26. Nb3 Rb6 27. f5 Ng5 28. Nf4 e5 29. g4 e4 30. c4 dxc4 31. Qxc4+ Kh7 32. Rc1 Nf3 33. Ka1 Ng5 34. d5 Rd6 35.
Nc5 Nxc5 36. Qxc5 Ra6 37. Qc7 Qb5 38. Ne6 Nxe6 39. dxe6 Qd5 40. Qc4 Rc8 0-1

[Event "*** Titled Tuesday Blitz"]
[Site "Chess.com"]
[Date "2021.03.09"]
[Round "8"]
[White "c_r_e_e_p_e_r"]
[Black "jannat65"]
[Result "0-1"]
[WhiteElo "2354"]
[BlackElo "1980"]
[TimeControl "180+1"]
[EndTime "11:31:00 PST"]
[Termination "jannat65 won by resignation"]

1. e4 c6 2. Nf3 d5 3. Nc3 d4 4. Ne2 c5 5. Ng3 Nc6 6. Bb5 Bg4 7. h3 Bxf3 8. Qxf3 Qc7 9. O-O e5 10. d3 Nf6 11. Bg5 Be7 12. Nf5 O-O 13. Qg3 Kh8 14.
f4 Nh5 15. Qh4 Bxg5 16. Qxg5 g6 17. Bxc6 f6 18. Qh6 bxc6 19. fxe5 Qxe5 20. Nh4 Qg3 21. Nf5 gxf5 22. Qxh5 fxe4 23. dxe4 Qe3+ 24. Kh1 Qxe4 25. Qxc5 Rg8 26. Rf3 Qe2 27. Rg1 Rxg2 28. Rxg2 Qxf3 29. Kg1 Qe3+ 30. Kh2 Qe5+ 31. Qxe5 fxe5 32. Re2 Re8 33. Re4 Kg7 34. Kg3 Kf6 35. Kf3 Kf5 36. c3 d3 37. Ke3 d2 0-1

[Event "*** Titled Tuesday Blitz"]
[Site "Chess.com"]
[Date "2021.03.09"]
[Round "8"]
[White "AttackSparrow"]
[Black "kidagent"]
[Result "1-0"]
[WhiteElo "2535"]
[BlackElo "2331"]
[TimeControl "180+1"]
[EndTime "11:31:01 PST"]
[Termination "AttackSparrow won by resignation"]

1. e4 c5 2. c3 d5 3. exd5 Qxd5 4. d4 Nf6 5. Nf3 Bg4 6. dxc5 Qxc5 7. Be3 Qc7 8. Na3 a6 9. h3 Bh5 10. Qa4+ Nbd7 11.
Bf4 Qc8 12. g4 Bg6 13. Bg2 Be4 14. g5 Bc6 15. Qd4 Nd5 16. Bg3 e6 17. Nc4 Bb5 18.
Nd6+ Bxd6 19. Bxd6 Qc4 20. Qxc4 Bxc4 21. b3 Bd3 22. Ne5 Nxe5 23. Bxe5 O-O 24. O-O-O Bf5 25. Kb2 Rad8 26. a3 b5 27. Rd4 Rd7 28. c4 bxc4 29.
bxc4 Nb6 30. Rxd7 Nxd7 31. Bd6 Rc8 32. Rc1 Nc5 33. Bxc5 Rxc5 34. Kc3 Kf8 35. Kb4 Re5 36. c5 Ke8 37. c6 Kd8 38. c7+ Kc8 39. Bb7+ Kxb7 40.
c8=Q+ 1-0

[Event "*** Titled Tuesday Blitz"]
[Site "Chess.com"]
[Date "2021.03.09"]
[Round "8"]
[White "Faqade"]
[Black "iturrizaga"]
[Result "0-1"]
[WhiteElo "2620"]
[BlackElo "2827"]
[TimeControl "180+1"]
[EndTime "11:31:02 PST"]
[Termination "iturrizaga won by resignation"]

1. e4 c5 2. Nf3 Nc6 3. Bb5 g6 4.
O-O Bg7 5. c3 Nf6 6. Re1 O-O 7.
d4 cxd4 8. cxd4 d6 9. h3 Bd7 10.
Nc3 Rc8 11. Be3 Na5 12. Bd3 a6 13. e5 Ne8 14. Bg5 dxe5 15. Nxe5 Nf6 16. d5 b5 17. a3 Re8 18. Qf3 Nb3 19. Rad1 Nd4 20. Qe3 Nf5 21.
Bxf5 Bxf5 22. Nc6 Qd7 23. Nxe7+ Kh8 24. d6 Rc4 25. Qf3 Rc5 26. Bxf6 Bxf6 27. g4 Bxe7 28.
dxe7 Rxe7 29. gxf5 Rxe1+ 30. Rxe1 Rxf5 31. Qe3 Kg7 32.
Kg2 Qc6+ 33. Qe4 Qf6 34. Re2 h5 35. Nd5 Qg5+ 36. Kh2 Rxd5 0-1

[Event "*** Titled Tuesday Blitz"]
[Site "Chess.com"]
[Date "2021.03.09"]
[Round "8"]
[White "erdni1993"]
[Black "elcandado"]
[Result "1/2-1/2"]
[WhiteElo "2537"]
[BlackElo "2663"]
[TimeControl "180+1"]
[EndTime "11:31:03 PST"]
[Termination "Game drawn by agreement"]

1. e4 e5 2. Nf3 Nc6 3. Bb5 a6 4. Ba4 Nf6 5. O-O Be7 6. Re1 b5 7. Bb3 d6 8. h3 O-O 9. c3 Nb8 10. d4 Nbd7 11. Nbd2 Bb7 12. dxe5 dxe5 13. Bc2 c5 14. Nf1 Qc7 15. Ng3 g6 16. Nh2 Rad8 17.
Qe2 c4 18. Ng4 Nxg4 19. hxg4 Nc5 20. Bh6 Rfe8 21. Rad1 Rxd1 22. Rxd1 Rd8 23. Be3 Ne6 24. a4 Nf4 25. Rxd8+ Qxd8 26. Bxf4 exf4 27. Nf1 Qa5 28. axb5 axb5 29. e5 Qb6 30. Nd2 Qc5 31. Nf3 Qd5 32. Qd2 Qxd2 33. Nxd2 f6 34. exf6 Bxf6 35. Be4 Bxe4 36.
Nxe4 Be5 37. Kf1 Kf7 38. Ke2 h6 1/2-1/2

[Event "*** Titled Tuesday Blitz"]
[Site "Chess.com"]
[Date "2021.03.09"]
[Round "8"]
[White "Kildepiotr"]
[Black "KubaGepard"]
[Result "1-0"]
[WhiteElo "2569"]
[BlackElo "2408"]
[TimeControl "180+1"]
[EndTime "11:31:03 PST"]
[Termination "Kildepiotr won by resignation"]

1. Nf3 d5 2. g3 Nf6 3. Bg2 Nbd7 4. O-O e5 5. d3 Bd6 6. Nbd2 O-O 7. e4 dxe4 8. dxe4 c6 9. a4 a5 10. Nc4 Bc7 11. Qe2 h6 12. b3 Re8 13. Rd1 Qe7 14. Ba3 Nc5 15. Ne1 b6 16. Nd3 Nfd7 17. Qe3 Ba6 18. Nxc5 Nxc5 19. Nxa5 Qe6 20. Bxc5 bxc5 21.
Qxc5 Bxa5 22. Qxa5 Be2 23. Qc5 Bxd1 24. Rxd1 Qg4 25.
Rd6 Rad8 26. h3 Qe2 27. Qxc6 Rxd6 28. Qxd6 Qxc2 29. Qd5 Rc8 30. Qxe5 Qxb3 31. a5 Qa2 32. Bf1 Rc1 33. Kg2 Rc2 34. Qb8+ Kh7 35. Qf4 Qxa5 36.
Qxf7 Qe5 37. Qf3 Rc3 38. Qg4 Rc1 39. Be2 Re1 40. Bf3 Ra1 41. Qd7 Ra5 42. h4 Qa1 43.
Bg4 Qf6 44. Bf5+ Kg8 45. Qe8+ Qf8 46. Be6+ Kh7 47. Qxf8 1-0

[Event "*** Titled Tuesday Blitz"]
[Site "Chess.com"]
[Date "2021.03.09"]
[Round "8"]
[White "Mr_Sinigami"]
[Black "mapleaff"]
[Result "1-0"]
[WhiteElo "2582"]
[BlackElo "2398"]
[TimeControl "180+1"]
[EndTime "11:31:03 PST"]
[Termination "Mr_Sinigami won by resignation"]

1. b3 e6 2. Bb2 Nf6 3. g3 Be7 4. Bg2 O-O 5. Nf3 d5 6. O-O c5 7.
d4 Nc6 8. Nc3 cxd4 9. Nxd4 Nxd4 10. Qxd4 a6 11. e4 dxe4 12. Nxe4 Qxd4 13. Bxd4 Rd8 14.
Rfd1 Kf8 15. c4 a5 16. Bb6 Rxd1+ 17. Rxd1 Nxe4 18. Bxe4 f5 19. Bf3 a4 20. h4 axb3 21.
axb3 Ra3 22. Rd3 e5 23. Bd5 e4 24. Re3 h6 25. c5 g5 26. h5 Bf6 27. b4 Ra1+ 28. Kg2 Rb1 29. Rb3 Rxb3 30. Bxb3 Bc3 31. b5 Bd7 32. Bc4 Ke7 33. Bc7 Bd4 34. Bd6+ Kf6 35.
Bd5 Bxb5 36. Bxb7 Ke6 37. Bf8 Bd7 38. c6 Be8 39. c7 Bd7 40. c8=Q Bxc8 41. Bxc8+ Kf7 42.
Bxh6 f4 43. Bxg5 fxg3 44. fxg3 e3 45. Kf3 1-0

[Event "*** Titled Tuesday Blitz"]
[Site "Chess.com"]
[Date "2021.03.09"]
[Round "8"]
[White "Cptn2"]
[Black "Korchmar_Vasiliy"]
[Result "1-0"]
[WhiteElo "2481"]
[BlackElo "2636"]
[TimeControl "180+1"]
[EndTime "11:31:06 PST"]
[Termination "Cptn2 won by checkmate"]

1. e4 h5 2. d4 h4 3. h3 a5 4. Nf3 a4 5. Bg5 c5 6. Bxh4 cxd4 7. Qxd4 Nc6 8. Qd2 g6 9. Bg3 Bg7 10. c3 Nf6 11. Bd3 O-O 12. O-O d5 13. exd5 Nxd5 14.
Qe2 a3 15. Nxa3 Nxc3 16. bxc3 Rxa3 17. Rac1 Qa5 18. c4 Rxa2 19. Qe3 Ra3 20. Rfd1 Bf5 21. Qe2 Ra2 22. Qf1 Nb4 23. Bxf5 Qxf5 24. Rb1 Qc5 25. Qe1 Nc2 26. Qe4 b6 27. Rb5 Qa3 28. Rxb6 Qa7 29. Rb7 Qa8 30. Qxe7 Na3 31. Ra7 Qe8 32. Qh4 Qe2 33. Re1 Qxc4 34. Qxc4 Nxc4 35. Rxa2 Re8 36.
Rxe8+ Bf8 37. Raa8 Nb6 38. Rxf8+ Kg7 39. Be5+ Kh7 40.
Rh8# 1-0

[Event "*** Titled Tuesday Blitz"]
[Site "Chess.com"]
[Date "2021.03.09"]
[Round "8"]
[White "Agoking701"]
[Black "Haykoooo0o"]
[Result "0-1"]
[WhiteElo "2350"]
[BlackElo "2492"]
[TimeControl "180+1"]
[EndTime "11:31:06 PST"]
[Termination "Haykoooo0o won by resignation"]

1. e4 c5 2. Nf3 e6 3. g3 Qc7 4.
Bg2 b5 5. O-O Bb7 6. Re1 d6 7. d4 cxd4 8. Nxd4 a6 9. a4 bxa4 10. Nc3 Nf6 11. Nxa4 Nbd7 12. b3 Be7 13. Bb2 O-O 14. c4 Rfd8 15. Qe2 Rac8 16. Rec1 Ne5 17.
f4 Nc6 18. Kh1 Na5 19. Rc3 e5 20. Nf5 Bf8 21. Rac1 g6 22. Nh4 Bg7 23. b4 Nc6 24. Rb3 Nd4 25. Bxd4 exd4 26. c5 Re8 27. Qd3 Nxe4 28.
Rb2 Nc3 29. Nxc3 dxc3 30. Rf2 dxc5 31. bxc5 Bxg2+ 32. Nxg2 Qxc5 33. Ra2 a5 34. h3 Rcd8 35. Qf3 Qb4 36. Kh2 Rd2 37. Rcc2 Rxc2 38. Rxc2 Rd8 39. Qe2 a4 40. Ne3 Rd2 41. Rxd2 cxd2 42. Nd5 Qd4 43. Ne7+ Kh8 44. Nc6 Qd7 45. Nb8 d1=Q 0-1

[Event "*** Titled Tuesday Blitz"]
[Site "Chess.com"]
[Date "2021.03.09"]
[Round "8"]
[White "dodorox"]
[Black "jd001"]
[Result "0-1"]
[WhiteElo "2116"]
[BlackElo "2228"]
[TimeControl "180+1"]
[EndTime "11:31:06 PST"]
[Termination "jd001 won on time"]

1. d4 e6 2. c4 f5 3. g3 Nf6 4. Bg2 Be7 5. Nh3 O-O 6. O-O d6 7. Nd2 c6 8. Nf3 Qc7 9. b3 a5 10. Bb2 Na6 11. Rc1 Ne4 12. Nd2 Nxd2 13. Qxd2 e5 14. e3 Bd7 15. f4 e4 16. Nf2 h5 17.
h4 Bf6 18. Nh3 Nb4 19. Bc3 Nd3 20. Rcd1 Qb6 21. Nf2 Nxf2 22. Rxf2 d5 23. c5 Qa7 24. Bf1 b6 25. cxb6 Qxb6 26. Bb2 Rfb8 27. Ba3 Bc8 28. Bc5 Qc7 29. Be2 Be7 30. Rc1 Bxc5 31. Rxc5 Qb6 32. Bxh5 a4 33. Rc3 axb3 34. axb3 Ra1+ 35. Kg2 Rba8 36.
Be8 Bb7 37. Bh5 Qb5 38. Be2 Qb4 0-1

[Event "*** Titled Tuesday Blitz"]
[Site "Chess.com"]
[Date "2021.03.09"]
[Round "8"]
[White "Grandmaster2B"]
[Black "13MiRacLe"]
[Result "1-0"]
[WhiteElo "2569"]
[BlackElo "2675"]
[TimeControl "180+1"]
[EndTime "11:31:09 PST"]
[Termination "Grandmaster2B won on time"]

1. e4 e5 2. Nf3 Nc6 3. Bb5 a6 4. Ba4 Nf6 5. d3 b5 6. Bb3 Bc5 7.
Nc3 d6 8. Nd5 h6 9. c3 Rb8 10. O-O O-O 11. h3 Nxd5 12. exd5 Ne7 13. d4 exd4 14. Nxd4 Bb7 15. Ne2 Qd7 16. Nf4 Ng6 17.
Nh5 Qf5 18. g4 Qd7 19. Bxh6 f5 20. Bxg7 fxg4 21. Nf6+ Rxf6 22. Bxf6 Qf5 23. Bd4 gxh3 24. Kh1 Bxd5+ 25. f3 Bxb3 26. Qxb3+ Kh7 27. Rae1 Rf8 28. Qe6 Qxe6 29. Rxe6 Bxd4 30. cxd4 Nf4 31. Re7+ Kg6 32. Rxc7 Re8 33. Rg1+ Kf6 34. Rg4 Re1+ 35. Kh2 Re2+ 36.
Kg3 Nd5 37. Rc6 h2 38. Rxd6+ Ke7 39. Rh6 Ne3 40. Rg7+ Kf8 41. Ra7 Nf1+ 42. Kf4 Rg2 43. Rh8+ Rg8 44. Ra8+ Kf7 45. Raxg8 1-0

[Event "*** Titled Tuesday Blitz"]
[Site "Chess.com"]
[Date "2021.03.09"]
[Round "8"]
[White "jovencata"]
[Black "Klavdia_Nik"]
[Result "1-0"]
[WhiteElo "2172"]
[BlackElo "2041"]
[TimeControl "180+1"]
[EndTime "11:31:10 PST"]
[Termination "jovencata won on time"]

1. d4 Nf6 2. Nf3 c5 3. e3 b6 4. c3 Bb7 5. Bd3 g6 6. O-O Bg7 7. Nbd2 O-O 8. a4 Nc6 9. Qe2 d5 10. Ba6 Qc7 11. Bxb7 Qxb7 12. dxc5 bxc5 13. e4 d4 14. Nc4 Nd7 15. h4 e5 16. h5 Nb6 17.
h6 Bh8 18. Nd6 Qd7 19. Nf5 Ne7 20. Nxe7+ Qxe7 21. cxd4 cxd4 22. b3 Qd7 23. Rd1 Rac8 24. Ba3 Rfe8 25. a5 Na8 26. Qd3 Bf6 27. Rac1 Nc7 28.
Rc4 Nb5 29. Bb2 Nd6 30. Rxc8 Rxc8 31. Nxd4 exd4 32. Bxd4 Nb5 33. Bxf6 1-0

[Event "*** Titled Tuesday Blitz"]
[Site "Chess.com"]
[Date "2021.03.09"]
[Round "8"]
[White "Hikaru"]
[Black "Sibelephant"]
[Result "0-1"]
[WhiteElo "3164"]
[BlackElo "3112"]
[TimeControl "180+1"]
[EndTime "11:31:11 PST"]
[Termination "Sibelephant won by resignation"]

1. e4 c5 2. Nf3 e6 3. c3 Nf6 4.
Bd3 d5 5. e5 Nfd7 6. Bc2 d4 7.
O-O Nc6 8. Re1 g5 9. h3 h5 10. Ba4 g4 11. Nh2 gxh3 12. Bxc6 bxc6 13. g3 Bg7 14. f4 Nb6 15. d3 f6 16. c4 fxe5 17. fxe5 Qc7 18. Bf4 Bb7 19. Nd2 O-O-O 20. Nhf3 Rdf8 21.
Ne4 h4 22. Kh2 hxg3+ 23. Bxg3 Bh6 24. Nxc5 Qf7 25. Rf1 Bf4 26. Bxf4 Qxf4+ 27. Kh1 Qg3 28. Qe2 Rfg8 29. Rfe1 h2 30. Nxh2 Rxh2+ 31. Qxh2 0-1

[Event "*** Titled Tuesday Blitz"]
[Site "Chess.com"]
[Date "2021.03.09"]
[Round "8"]
[White "maximnovik"]
[Black "Goryachkina"]
[Result "0-1"]
[WhiteElo "2550"]
[BlackElo "2676"]
[TimeControl "180+1"]
[EndTime "11:31:11 PST"]
[Termination "Goryachkina won by resignation"]

1. Nf3 d5 2. g3 c6 3. Bg2 Bg4 4. O-O Nf6 5. d4 e6 6. Nbd2 Nbd7 7. Re1 Be7 8. e4 dxe4 9. Nxe4 Nxe4 10. Rxe4 Nf6 11.
Re1 O-O 12. c3 h6 13. Qb3 Qb6 14. Nd2 Bf5 15. Nc4 Qa6 16. Bf1 b5 17. Ne5 Be4 18.
a4 Bd5 19. Qc2 Qb7 20. Bf4 a6 21. b3 c5 22. c4 bxc4 23. bxc4 Be4 24. Rxe4 Qxe4 25.
Qxe4 Nxe4 26. Bg2 f5 27. dxc5 Bxc5 28. Bxe4 fxe4 29. Nd7 Rfc8 30. Re1 e3 31. fxe3 Ra7 32. Rd1 Be7 33. Nb6 Rc6 34. a5 Bb4 35. Rd8+ Kh7 36. Be5 Bxa5 0-1

[Event "*** Titled Tuesday Blitz"]
[Site "Chess.com"]
[Date "2021.03.09"]
[Round "8"]
[White "aquaticpineapples"]
[Black "dhaessel"]
[Result "1-0"]
[WhiteElo "2206"]
[BlackElo "1956"]
[TimeControl "180+1"]
[EndTime "11:31:11 PST"]
[Termination "aquaticpineapples won on time"]

1. d4 Nf6 2. Nf3 g6 3. Nbd2 d5 4. e3 Bg7 5. b4 a5 6. b5 c5 7. c4 cxd4 8. Nxd4 O-O 9. Bb2 Nbd7 10. Qc2 e5 11. N4f3 Re8 12. Be2 Qc7 13. O-O b6 14.
Rfc1 Bb7 15. cxd5 Qxc2 16. Rxc2 Nxd5 17. Nc4 e4 18. Nd4 Rac8 19. a3 Bxd4 20. Bxd4 Nc5 21. Nd6 Nb3 22. Rxc8 Rxc8 23. Nxc8 Nxa1 24. Nd6 Nc2 25.
Nxb7 Nxd4 26. exd4 Nc3 27. Bc4 Kf8 28. Kf1 Ke7 29.
Ke1 f5 30. Bg8 h6 31. d5 Nxb5 32. Kd2 Kd7 33. d6 1-0

[Event "*** Titled Tuesday Blitz"]
[Site "Chess.com"]
[Date "2021.03.09"]
[Round "8"]
[White "Onischuk_V"]
[Black "Geller_Jakov"]
[Result "1-0"]
[WhiteElo "2832"]
[BlackElo "2625"]
[TimeControl "180+1"]
[EndTime "11:31:12 PST"]
[Termination "Onischuk_V won by checkmate"]

1. Nf3 d5 2. g3 Nf6 3. Bg2 e6 4. O-O Be7 5. d3 O-O 6. Nbd2 c5 7. e4 Nc6 8. Re1 h6 9. e5 Nd7 10. Qe2 b5 11. Nf1 Qb6 12. h4 Bb7 13. N1h2 Rfc8 14. Ng4 Bf8 15. Bf4 Qd8 16. h5 b4 17. Ngh2 a5 18.
g4 Be7 19. c4 bxc3 20. bxc3 Rab8 21. Qd2 d4 22. c4 Ba8 23. Nf1 a4 24. Ng3 a3 25. Rab1 Qa5 26. Ne4 Qxd2 27. Nexd2 Rb2 28. Rxb2 axb2 29. Rb1 Rb8 30. Ne1 Ncxe5 31. Bxa8 Rxa8 32. Rxb2 Nxg4 33. Ne4 f5 34. Rb7 fxe4 35. Rxd7 Bf6 36. dxe4 Rxa2 37. Nd3 Ra3 38. Nxc5 Ne5 39. Bxe5 Bxe5 40. Nxe6 d3 41. f4 Bb2 42. e5 Bc1 43. c5 d2 44. c6 Rc3 45. c7 Kh7 46. Rxg7+ Kh8 47. Rd7 Rc6 48. Kf1 Rxe6 49. c8=Q+ Re8 50. Qxe8# 1-0

[Event "*** Titled Tuesday Blitz"]
[Site "Chess.com"]
[Date "2021.03.09"]
[Round "8"]
[White "CraiggoryC"]
[Black "eduardoperalta"]
[Result "0-1"]
[WhiteElo "2304"]
[BlackElo "2533"]
[TimeControl "180+1"]
[EndTime "11:31:14 PST"]
[Termination "eduardoperalta won on time"]

1. e4 c5 2. Nf3 Nc6 3. d4 cxd4 4. Nxd4 Nf6 5. Nc3 d6 6. Bc4 e5 7. Nf5 Be6 8. Bb3 g6 9. Ne3 Bg7 10. O-O O-O 11. Ned5 Nd4 12. Bg5 Rc8 13. f4 h6 14.
fxe5 hxg5 15. exf6 Nxb3 16. axb3 Bh6 17. Ne7+ Kh7 18.
Nxc8 Qxc8 19. Qd4 a6 20. Rf2 g4 21. Rd1 Rd8 22. Nd5 Qc6 23. Re2 Qb5 24. c4 Qxb3 25. Rd3 Qa2 26. Kf2 b5 27. cxb5 axb5 28. Nc7 Bc4 29.
Ree3 Qb1 30. Rd2 Qf1+ 31. Kg3 Qf4+ 0-1

[Event "*** Titled Tuesday Blitz"]
[Site "Chess.com"]
[Date "2021.03.09"]
[Round "8"]
[White "MaxLeto"]
[Black "MaevskiyNikolay"]
[Result "1-0"]
[WhiteElo "2397"]
[BlackElo "2498"]
[TimeControl "180+1"]
[EndTime "11:31:14 PST"]
[Termination "MaxLeto won by checkmate"]

1. e4 Nc6 2. Nf3 d5 3. exd5 Qxd5 4. Nc3 Qa5 5. Bb5 Bd7 6. O-O a6 7. Ba4 O-O-O 8. Re1 Nf6 9. a3 e6 10. d3 Bd6 11. b4 Qh5 12. b5 axb5 13. Nxb5 Bc5 14.
Bf4 Nd5 15. Bg3 Nb6 16. Bb3 Na8 17. a4 Na5 18. Qd2 Bb6 19. Re5 Qg6 20. Rg5 Qh6 21.
Qc3 f6 22. Rc5 Nc6 23. Rc4 e5 24. a5 Bd4 25. Nfxd4 exd4 26. Nxd4 Kb8 27. Nxc6+ Bxc6 28. Rxc6 bxc6 29. Qxc6 f5 30. Qb5+ Kc8 31. Bd5 c6 32.
Bxc6 Rd7 33. Qb8# 1-0

[Event "*** Titled Tuesday Blitz"]
[Site "Chess.com"]
[Date "2021.03.09"]
[Round "8"]
[White "dropstoneDP"]
[Black "attack2mateU"]
[Result "0-1"]
[WhiteElo "2887"]
[BlackElo "2750"]
[TimeControl "180+1"]
[EndTime "11:31:15 PST"]
[Termination "attack2mateU won on time"]

1. e4 c5 2. Nf3 d6 3. d4 cxd4 4. Nxd4 Nf6 5. Nc3 a6 6. Be3 e5 7.
Nb3 Be7 8. f3 Be6 9. Qd2 h5 10.
Nd5 Nxd5 11. exd5 Bf5 12. Be2 a5 13. a4 O-O 14. O-O Nd7 15. Kh1 Nf6 16. f4 Be4 17.
c4 h4 18. fxe5 dxe5 19. Nc5 Bxc5 20. Bxc5 h3 21. Bf3 Re8 22. Be3 Qc8 23. b3 Qf5 24. Rae1 Bd3 25. Rg1 Ne4 26. Qc1 Ra6 27. Qd1 Rg6 28.
g4 Qf6 29. Be2 Nf2+ 30. Bxf2 Be4+ 0-1

[Event "*** Titled Tuesday Blitz"]
[Site "Chess.com"]
[Date "2021.03.09"]
[Round "8"]
[White "WiktoriaPOL"]
[Black "Trickster_Pony"]
[Result "1-0"]
[WhiteElo "2078"]
[BlackElo "1476"]
[TimeControl "180+1"]
[EndTime "11:31:15 PST"]
[Termination "WiktoriaPOL won by resignation"]

1. e4 c5 2. d4 cxd4 3. c3 dxc3 4. Nxc3 Nc6 5. Nf3 d6 6. Bc4 a6 7. O-O Nf6 8. Qe2 Bg4 9. Be3 Ne5 10. Bb3 Qc8 11.
Nxe5 Bxe2 12. Bxf7+ Kd8 13. Bb6+ Qc7 14. Bxc7+ Kxc7 15. Nxe2 dxe5 16. Rac1+ Kb6 17. Nc3 g6 18. Nd5+ Ka7 19. f3 Bh6 20. Rc7 Rhf8 21. Be6 Rae8 22. Nxf6 exf6 23. Bd5 Rb8 24. Rxh7 Be3+ 25. Kh1 f5 26.
Re1 Bd4 27. Rc1 Bb6 28. h3 a5 29.
Rc6 Ka6 30. Rxg6 Rfc8 31. Rhh6 Rc1+ 32. Kh2 f4 33. Rxb6+ Ka7 34. Rb3 b5 35. Rh7+ Ka6 36. Rc3 Rd1 37. Rc6+ 1-0

[Event "*** Titled Tuesday Blitz"]
[Site "Chess.com"]
[Date "2021.03.09"]
[Round "8"]
[White "FormerProdigy"]
[Black "Legendinunknown"]
[Result "1-0"]
[WhiteElo "2840"]
[BlackElo "2633"]
[TimeControl "180+1"]
[EndTime "11:31:16 PST"]
[Termination "FormerProdigy won by checkmate"]

1. d4 Nf6 2. c4 e6 3. Nc3 Bb4 4. e3 b6 5. Ne2 Bb7 6. a3 Bd6 7. Ng3 h5 8. Bd3 Bxg2 9. Rg1 Bb7 10. f4 Be7 11. Bd2 d6 12. Qe2 Nbd7 13. O-O-O c5 14.
d5 Nf8 15. e4 N6d7 16. Nxh5 Bf6 17. Nxg7+ Bxg7 18. Rxg7 Qf6 19. Rg5 a6 20. e5 Qh6 21.
Ne4 Ke7 22. Nxd6 Rb8 23. f5 Qxh2 24. f6+ Kd8 25. Nxf7+ Kc7 26. Nxh8 Qxh8 27. Rg7 Bc8 28. Be4 Qh4 29. Bg5 Qh3 30. d6+ Kd8 31. f7+ Nf6 32. Bxf6+ Kd7 33. Rg8 Bb7 34. Bxb7 Rxb7 35. Qe4 b5 36.
Qxb7# 1-0

[Event "*** Titled Tuesday Blitz"]
[Site "Chess.com"]
[Date "2021.03.09"]
[Round "8"]
[White "chescomhuynya"]
[Black "volkanyirik"]
[Result "1-0"]
[WhiteElo "2585"]
[BlackElo "2420"]
[TimeControl "180+1"]
[EndTime "11:31:16 PST"]
[Termination "chescomhuynya won by resignation"]

1. e4 c5 2. Nf3 d6 3. d4 cxd4 4. Nxd4 Nf6 5. Nc3 e6 6. g4 h6 7. h4 Nc6 8. f3 d5 9. Bb5 Bd7 10. exd5 Nxd4 11. Bxd7+ Qxd7 12. Qxd4 Nxd5 13. Nxd5 Qxd5 14.
Qxd5 exd5 15. Be3 b6 16. O-O-O O-O-O 17. Bd4 f6 18. h5 Bc5 19. Rhe1 Rd7 20. c3 Rhd8 21. Kc2 Kc7 22. Kd3 Kc6 23. Re6+ Rd6 24. Rde1 Rxe6 25. Rxe6+ Rd6 26. Re7 Rd7 27. Re8 Re7 28.
Rc8+ Kb7 29. Bxc5 bxc5 30. Rxc5 Re5 31. b4 f5 32. Kd4 Re2 33. Rxd5 fxg4 34. fxg4 Kc6 35.
Rc5+ Kb6 36. a4 Rg2 37. Ke5 Rxg4 38. Ke6 Rg1 39. a5+ Kb7 40. Kf7 Rg4 41. Kg8 a6 42. Kh7 Rg1 43. Rf5 Rg5 44. Rxg5 hxg5 45. Kxg7 g4 46. h6 g3 47. h7 g2 48. h8=Q g1=Q+ 49. Kf7 Qf2+ 50. Qf6 Qa2+ 51. Ke8 Qb2 52. Qb6+ Kc8 53.
Qxa6+ Kb8 54. Qb6+ Ka8 55. Qd4 Kb7 56. Kd7 Kb8 57.
Kc6 Qg2+ 58. Qd5 Qg6+ 59. Qd6+ 1-0